 Dungeon Crawl Stone Soup version 0.27-a0-1359-ga2a4dfd6fd (webtiles) character file.

Game seed: 10771929072671326551

1446 HoaS the Martial Artist (level 8, -2/63 HPs)
             Began as a Demigod Gladiator on June 28, 2021.
             Succumbed to an orange demon's poison
             ... on level 5 of the Dungeon.
             The game lasted 00:11:12 (5461 turns).

HoaS the Martial Artist (Demigod Gladiator)         Turns: 5461, Time: 00:11:13

Health: -2/63      AC: 15    Str: 19    XL:     8   Next: 22%
Magic:  10/10      EV:  7    Int: 10    God:
Gold:   171        SH:  0    Dex: 19    Spells: 7/7 levels left

rFire    . . .     SeeInvis .     - Unarmed
rCold    . . .     Faith    .   (no shield)
rNeg     . . .     Spirit   .   g - +0 plate armour
rPois    .         Reflect  .   b - +1 helmet
rElec    .         Harm     .   j - +1 cloak
rCorr    .         Rampage  .   (no gloves)
Will     .....                  (no boots)
Stlth    ..........             (no amulet)
HPRegen  0.20/turn              f - ring of flight
MPRegen  0.12/turn              (no ring)

@: lethally poisoned (-2 -> -17), flying
A: high mp 1, forlorn
a: no special abilities


You were on level 5 of the Dungeon.
You visited 2 branches of the dungeon, and saw 6 of its levels.

You collected 171 gold pieces.

Inventory:

Missiles
 c - a throwing net (quivered)
 l - 2 boomerangs
Armour
 b - a +1 helmet (worn)
 g - a +0 plate armour (worn)
 j - a +1 cloak (worn)
Jewellery
 f - a ring of flight (left hand)
Scrolls
 a - 2 scrolls of teleportation
 m - a scroll of fog
Potions
 e - a potion of cancellation
 h - a potion of ambrosia {unknown}
 i - a potion of magic
 k - 2 potions of might
 n - a potion of flight {unknown}
 o - a potion of degeneration {unknown}
 p - a potion of curing {unknown}
 q - a potion of lignification {unknown}


   Skills:
 + Level 3.0 Fighting
 - Level 1.7 Throwing
 + Level 3.0 Armour
 + Level 3.0 Dodging
 * Level 9.0 Unarmed Combat


You had 7 spell levels left.
You didn't know any spells.
Your spell library was empty.

Dungeon Overview and Level Annotations

Branches:
Dungeon (5/15)             Temple (1/1) D:4

Shops:
D:1 !   D:3 [   D:4 *


Innate Abilities, Weirdness & Mutations

Your attributes grow dramatically as you level up.
You have an increased reservoir of magic. (+10% MP)
You shall have no god before yourself.


Message History

The orange demon stings you!
* * * LOW HITPOINT WARNING * * *
You are lethally poisoned!
The orange demon poisons you! The orange demon barely misses you.
The kobold demonologist looks satisfied for a moment.
You feel much better.
You feel very sick.
The ice devil hits you but does no damage.
The orange demon stings you but does no damage.
The orange demon hits you but does no damage.
You feel very sick.
The ice devil hits you but does no damage.
The orange demon stings you.
You are lethally poisoned!
The orange demon poisons you!
The orange demon hits you but does no damage.
The kobold demonologist looks encouraged for a moment.
You feel extremely sick. The ice devil closely misses you.
The orange demon stings you but does no damage.
The orange demon hits you but does no damage.
The kobold demonologist casts a spell.
Your surroundings suddenly seem different.
* * * LOW HITPOINT WARNING * * *
You feel extremely sick.
Found 18 gold pieces.
Okay, then.
Okay, then.
It was a potion of might.
You feel very mighty all of a sudden.
* * * LOW HITPOINT WARNING * * *
You feel very sick.
It was a potion of cancellation.
Your magical effects are unravelling.
You feel magically purged.
You feel a little less mighty now.
* * * LOW HITPOINT WARNING * * *
You feel very sick.
It was a potion of magic.
Magic courses through your body.
You die...

.# #. .$
##. ..
####### .#
.......#.#
.......@.#
#.#.#.#..#
........##
#.#.#.#.$
........#
#.#.#.#.#
........#
#.#.#.#.#


There were no monsters in sight!

Vanquished Creatures
  Pikel (D:4)
  Grinder (D:4)
  Eustachio (D:4)
  An ogre (D:3)
  4 lemures (D:4)
  A bullfrog (D:5)
  2 scorpions
  A wyvern zombie (D:4)
  2 hounds
  Crazy Yiuf (D:2)
  Natasha (thrice) (D:4)
  2 orc wizards (D:2)
  4 adders
  3 dart slugs
  20 orcs
  6 endoplasms
  5 giant cockroaches
  4 goblins
  6 hobgoblins
  6 jackals (D:1)
  5 kobolds
  4 quokkas
  5 ball pythons
  5 bats
  2 frilled lizards
  5 rats
100 creatures vanquished.

Notes
Turn   | Place    | Note
-------+----------+-------------------------------------------
     0 | D:1      | HoaS the Demigod Gladiator began the quest for the Orb.
     0 | D:1      | Reached XP level 1. HP: 17/17 MP: 3/3
   107 | D:1      | Reached skill level 3 in Unarmed Combat
   290 | D:1      | Reached XP level 2. HP: 20/24 MP: 4/4
   649 | D:1      | Found Zora Zokk's Distillery.
  1052 | D:2      | Reached skill level 4 in Unarmed Combat
  1052 | D:2      | Reached XP level 3. HP: 22/29 MP: 5/5
  1446 | D:2      | Found a runed translucent door.
  1447 | D:2      | Noticed Crazy Yiuf
  1774 | D:2      | Killed Crazy Yiuf
  2087 | D:2      | Reached XP level 4. HP: 29/36 MP: 6/6
  2163 | D:2      | Reached skill level 5 in Unarmed Combat
  2233 | D:3      | Found Qups's Armour Shoppe.
  2782 | D:3      | Noticed an ogre
  2789 | D:3      | Killed an ogre
  2790 | D:3      | Reached skill level 6 in Unarmed Combat
  2790 | D:3      | Reached XP level 5. HP: 41/41 MP: 7/7
  3584 | D:4      | Found a staircase to the Ecumenical Temple.
  3641 | Temple   | Entered the Ecumenical Temple
  3799 | D:4      | Reached XP level 6. HP: 48/48 MP: 8/8
  3859 | D:4      | Noticed Grinder
  3860 | D:4      | Paralysed by Grinder for 2 turns
  3888 | D:4      | Killed Grinder
  3889 | D:4      | Reached skill level 7 in Unarmed Combat
  4112 | D:4      | Noticed Eustachio
  4134 | D:4      | Killed Eustachio
  4135 | D:4      | Reached skill level 8 in Unarmed Combat
  4135 | D:4      | Reached XP level 7. HP: 26/53 MP: 9/9
  4402 | D:4      | Noticed Natasha
  4670 | D:4      | Noticed Pikel
  4723 | D:4      | Killed Pikel
  4724 | D:4      | Reached skill level 9 in Unarmed Combat
  4724 | D:4      | Reached skill level 1 in Armour
  4724 | D:4      | Reached XP level 8. HP: 39/62 MP: 10/10
  4727 | D:4      | Killed Natasha
  4971 | D:4      | Noticed Natasha
  4977 | D:4      | Killed Natasha
  5006 | D:4      | Noticed Natasha
  5023 | D:4      | Killed Natasha
  5141 | D:4      | Found Nivud's Assorted Antiques.
  5306 | D:5      | Entered Level 5 of the Dungeon
  5439 | D:5      | Noticed a kobold demonologist
  5440 | D:5      | Noticed a kobold demonologist
  5448 | D:5      | Noticed an ice devil
  5453 | D:5      | Noticed an orange demon
  5460 | D:5      | HP: 1/63 [poisoned by an orange demon]
  5461 | D:5      | Succumbed to an orange demon's poison

Illustrated notes

Levels and vault maps discovered:
D:1:      dpeg_arrival_renting, layout_basic, serial_shops, nicolae_square_shop,
          ebering_ecumenical_altar_mist
D:2:      layout_loops_ring, uniq_crazy_yiuf_cottage
D:3:      layout_loops_corners, fedhas_ov_isle_minmay, minitemple, serial_shops,
          nicolae_shop_behind_doors, amcnicky_mini_corridor_feature,
          minmay_quadrilaterals
D:4:      layout_basic, minmay_temple_entry_statues_fountains, serial_shops,
          shop, uniq_eustachio, uniq_grinder, uniq_pikel, uniq_natasha
D:5:      minmay_razor_zed, layout_basic, serial_glass, glass_columns_b,
          glass_columns_a, glass_columns_a, glass_columns_a, glass_columns_a,
          glass_columns_c, glass_columns_c, glass_columns_b, glass_columns_b,
          glass_columns_a, glass_columns_c, glass_columns_b, glass_columns_a,
          glass_columns_a, hangedman_decor_diamond_cutter
Temple:   minmay_temple_bridge_abc

Skill      XL: |  1  2  3  4  5  6  7  8 |
---------------+-------------------------+-----
Unarmed Combat | 3 4 6 8 9 |  9.0
Fighting       | 2 3 |  3.0
Armour         | 1 3 |  3.0
Dodging        | 3 |  3.0
Throwing       | |  1.7

Action                   |  1- 3 |  4- 6 |  7- 9 || total
-------------------------+-------+-------+-------++-------
Melee: Unarmed           |   172 |   192 |   152 ||   516
       Punch             |     2 |     5 |     5 ||    12
Throw: Throwing net      |     1 |     1 |     1 ||     3
       Boomerang         |       |     8 |     1 ||     9
  Use: Scroll            |     5 |       |     1 ||     6
       Potion            |       |       |     4 ||     4
 Stab: Sleeping          |     1 |       |       ||     1
Armor: Leather armour    |    30 |       |       ||    30
       Plate armour      |    44 |   138 |    75 ||   257
Dodge: Dodged            |   108 |    61 |    28 ||   197

Table legend: (Time is in decaauts)
 A = Elapsed time spent in this place.
 B = Non-inter-level travel time spent in this place.
 C = Inter-level travel time spent in this place.
 D = Time resting spent in this place.
 E = Time spent auto-exploring this place.
 F = Levels seen in this place.
 G = Mean time per level.
                   A        B        C        D        E       F      G
               +--------+--------+--------+--------+--------+-----+--------+
         Total |   5415 |   5271 |    144 |   1602 |   2763 |   6 |  902.5 |
       Dungeon |   5276 |   5132 |    144 |   1602 |   2656 |   5 | 1055.2 |
        Temple |    138 |    138 |      0 |      0 |    107 |   1 |  138.0 |
               +--------+--------+--------+--------+--------+-----+--------+

Top non-repeatable levels by time:
     D:4: 1608 daAuts
     D:3: 1368 daAuts
     D:2: 1124 daAuts
     D:1: 1027 daAuts
     D:5: 149 daAuts
  Temple: 138 daAuts
